[ PARTIDA AOE2 · #482180226 ]
UnrankedItalianos vs Jurchens
[ ANÁLISIS DE REPETICIÓN · EXTRAÍDO DE LA PARTIDA GRABADA ]
Feudal
9:18
Castillos
17:31
Imperial
32:32
| APM promedio | 35.6 |
| APM pico | 94 |
| eAPM promedio | 20.7 |
| Aldeanos / militares | 164 / 170 |
Foco
⚔️ 38.1% · 🌾 61.9%
Genoese Crossbowman ×153 · Unknown (882) ×65 · Trade Cart ×49 · Trebuchet (Packed) ×13 · Knight ×4
Feudal
11:47
Castillos
23:53
Imperial
39:10
| APM promedio | 44.8 |
| APM pico | 86 |
| eAPM promedio | 31.0 |
| Aldeanos / militares | 162 / 520 |
Foco
⚔️ 57.8% · 🌾 42.2%
Huskarl ×223 · Spearman ×198 · Militia ×99 · Trade Cart ×33
Feudal
9:05
Castillos
19:16
Imperial
34:31
| APM promedio | 48.8 |
| APM pico | 81 |
| eAPM promedio | 29.6 |
| Aldeanos / militares | 234 / 188 |
Foco
⚔️ 41.4% · 🌾 58.6%
Unknown (1911) ×167 · Scout Cavalry ×78 · Steppe Lancer ×68 · Trade Cart ×61 · Bombard Cannon ×23 · Spearman ×19
Feudal
8:54
Castillos
19:03
Imperial
33:09
| APM promedio | 60.7 |
| APM pico | 103 |
| eAPM promedio | 38.7 |
| Aldeanos / militares | 188 / 331 |
Foco
⚔️ 58.0% · 🌾 42.0%
Spearman ×146 · Scout Cavalry ×117 · Trade Cart ×46 · Knight ×35 · Battering Ram ×25 · Mangonel ×5
Feudal
10:21
Castillos
13:58
Imperial
32:44
| APM promedio | 51.6 |
| APM pico | 79 |
| eAPM promedio | 33.2 |
| Aldeanos / militares | 285 / 189 |
Foco
⚔️ 39.9% · 🌾 60.1%
Mangudai ×137 · Trade Cart ×46 · Mangonel ×37 · Monk ×8 · Trebuchet (Packed) ×7
Feudal
11:47
Castillos
14:28
Imperial
28:10
| APM promedio | 45.3 |
| APM pico | 96 |
| eAPM promedio | 26.3 |
| Aldeanos / militares | 200 / 456 |
Foco
⚔️ 40.5% · 🌾 59.5%
Ballista Elephant ×182 · Scout Cavalry ×134 · Battle Elephant ×128 · Trade Cart ×48 · Monk ×6 · Battering Ram ×6
Feudal
12:11
Castillos
15:43
Imperial
29:01
| APM promedio | 64.7 |
| APM pico | 105 |
| eAPM promedio | 34.5 |
| Aldeanos / militares | 166 / 279 |
Foco
⚔️ 45.8% · 🌾 54.2%
Ratha (Ranged) ×267 · Trade Cart ×73 · Armored Elephant ×7 · Mangonel ×3 · Monk ×2
Feudal
9:37
Castillos
19:27
Imperial
37:16
| APM promedio | 44.7 |
| APM pico | 96 |
| eAPM promedio | 24.9 |
| Aldeanos / militares | 156 / 245 |
Foco
⚔️ 41.4% · 🌾 58.6%
Knight ×224 · Trade Cart ×43 · Bombard Cannon ×8 · Spearman ×6 · Scout Cavalry ×4 · Monk ×3
Mapa de la partida
Recursos iniciales + cada clic de construcción. Líneas = muros · curvas = relieve. ◆ oro · ⬟ piedra · ● bayas · ✦ reliquia · ◌ hueco del cierre
Inputs por minuto
— TrCL.ovoin - - PUB | [🥕]King_Boo
Build order — TrCL.ovoin
Primeras 150 de 593 acciones detectadas
| 0:01 | Crear | Villager (Male) |
| 0:01 | Crear | Villager (Male) |
| 0:03 | Construir | House |
| 0:05 | Construir | House |
| 0:09 | Crear | Villager (Male) |
| 0:09 | Crear | Villager (Male) |
| 0:09 | Crear | Villager (Male) |
| 1:38 | Crear | Villager (Male) |
| 1:38 | Crear | Villager (Male) |
| 1:52 | Crear | Villager (Male) |
| 1:56 | Construir | Lumber Camp |
| 2:19 | Crear | Villager (Male) |
| 2:42 | Crear | Villager (Male) |
| 2:59 | Crear | Villager (Male) |
| 3:04 | Construir | House |
| 3:06 | Construir | Palisade Wall |
| 3:42 | Crear | Villager (Male) |
| 3:49 | Construir | House |
| 4:03 | Crear | Villager (Male) |
| 4:35 | Crear | Villager (Male) |
| 4:35 | Crear | Villager (Male) |
| 4:47 | Crear | Villager (Male) |
| 4:47 | Crear | Villager (Male) |
| 4:48 | Crear | Villager (Male) |
| 5:05 | Crear | Villager (Male) |
| 5:05 | Crear | Villager (Male) |
| 5:49 | Construir | Mill |
| 5:56 | Crear | Villager (Male) |
| 6:39 | Crear | Villager (Male) |
| 6:51 | Construir | Palisade Wall |
| 7:08 | Investigar | Feudal Age |
| 7:18 | Construir | Lumber Camp |
| 8:19 | Crear | Villager (Male) |
| 8:28 | Construir | Palisade Wall |
| 8:44 | Construir | Barracks |
| 9:18 | Edad | Edad Feudal |
| 9:19 | Construir | Building 800 |
| 9:22 | Investigar | Double-Bit Axe |
| 9:28 | Crear | Villager (Male) |
| 9:37 | Investigar | Horse Collar |
| 9:42 | Construir | Palisade Wall |
| 9:45 | Construir | House |
| 9:52 | Crear | Villager (Male) |
| 10:01 | Construir | Farm |
| 10:11 | Construir | Farm |
| 10:17 | Construir | Farm |
| 10:26 | Crear | Villager (Male) |
| 10:40 | Construir | Farm |
| 10:43 | Crear | Villager (Male) |
| 10:53 | Construir | Farm |
| 11:05 | Crear | Villager (Male) |
| 11:37 | Construir | Stable |
| 11:43 | Construir | Palisade Wall |
| 11:44 | Crear | Villager (Male) |
| 11:48 | Construir | Farm |
| 12:08 | Crear | Villager (Male) |
| 12:10 | Construir | Farm |
| 12:13 | Construir | Farm |
| 12:29 | Crear | Villager (Male) |
| 12:32 | Construir | House |
| 12:35 | Construir | House |
| 12:45 | Construir | Mining Camp |
| 12:56 | Crear | Villager (Male) |
| 13:25 | Crear | Villager (Male) |
| 13:36 | Construir | Palisade Wall |
| 13:38 | Construir | Palisade Wall |
| 13:43 | Construir | Blacksmith |
| 13:44 | Crear | Villager (Male) |
| 14:25 | Investigar | Loom |
| 14:46 | Construir | House |
| 14:47 | Construir | House |
| 14:51 | Investigar | Castle Age |
| 14:51 | Investigar | Castle Age |
| 14:56 | Investigar | Gold Mining |
| 14:56 | Investigar | Gold Mining |
| 15:03 | Investigar | Scale Barding Armor |
| 15:32 | Construir | Stable |
| 15:36 | Investigar | Bloodlines |
| 15:37 | Investigar | Bloodlines |
| 15:51 | Construir | Farm |
| 15:56 | Construir | Farm |
| 16:25 | Crear | Villager (Male) |
| 16:33 | Construir | Farm |
| 17:31 | Edad | Edad de los Castillos |
| 17:39 | Construir | Town Center |
| 17:42 | Construir | Palisade Wall |
| 17:48 | Investigar | Bow Saw |
| 17:48 | Crear | Villager (Male) |
| 17:51 | Investigar | Heavy Plow |
| 17:51 | Investigar | Heavy Plow |
| 17:55 | Crear | Knight |
| 17:56 | Crear | Knight |
| 18:04 | Crear | Villager (Male) |
| 18:11 | Construir | Farm |
| 18:23 | Crear | Villager (Male) |
| 18:24 | Crear | Knight |
| 18:24 | Crear | Knight |
| 18:36 | Investigar | Husbandry |
| 18:36 | Investigar | Husbandry |
| 19:02 | Crear | Villager (Male) |
| 19:11 | Crear | Villager (Male) |
| 19:15 | Construir | Town Center |
| 19:20 | Crear | Villager (Male) |
| 19:21 | Crear | Villager (Male) |
| 19:33 | Crear | Villager (Male) |
| 19:36 | Construir | Farm |
| 19:41 | Crear | Villager (Male) |
| 19:48 | Construir | Mining Camp |
| 19:51 | Investigar | Stone Mining |
| 19:52 | Investigar | Stone Mining |
| 20:01 | Construir | Farm |
| 20:02 | Construir | Farm |
| 20:25 | Crear | Villager (Male) |
| 20:27 | Crear | Villager (Male) |
| 20:35 | Crear | Villager (Male) |
| 20:41 | Crear | Villager (Male) |
| 20:44 | Construir | House |
| 20:50 | Construir | Farm |
| 20:53 | Construir | Farm |
| 20:57 | Construir | Farm |
| 20:58 | Construir | Farm |
| 21:11 | Crear | Villager (Male) |
| 21:11 | Crear | Villager (Male) |
| 21:11 | Crear | Villager (Male) |
| 21:19 | Construir | Farm |
| 21:21 | Construir | Farm |
| 21:23 | Crear | Villager (Male) |
| 21:33 | Construir | Farm |
| 21:33 | Construir | Farm |
| 21:34 | Construir | Farm |
| 21:41 | Construir | Farm |
| 21:46 | Crear | Villager (Male) |
| 21:46 | Crear | Villager (Male) |
| 21:47 | Crear | Villager (Male) |
| 21:50 | Construir | Farm |
| 21:52 | Construir | Farm |
| 21:54 | Crear | Villager (Male) |
| 21:54 | Crear | Villager (Male) |
| 22:05 | Crear | Villager (Male) |
| 22:05 | Crear | Villager (Male) |
| 22:06 | Crear | Villager (Male) |
| 22:15 | Crear | Villager (Male) |
| 22:15 | Crear | Villager (Male) |
| 22:30 | Construir | Town Center |
| 22:39 | Crear | Villager (Male) |
| 22:39 | Crear | Villager (Male) |
| 22:43 | Construir | House |
| 22:44 | Construir | House |
| 22:51 | Construir | House |
| 22:52 | Construir | House |
Build order — PUB | [🥕]King_Boo
Primeras 150 de 902 acciones detectadas
| 0:01 | Crear | Villager (Male) |
| 0:02 | Crear | Villager (Male) |
| 0:02 | Crear | Villager (Male) |
| 0:02 | Crear | Villager (Male) |
| 0:02 | Crear | Villager (Male) |
| 0:03 | Construir | House |
| 0:04 | Construir | House |
| 1:12 | Investigar | Loom |
| 1:13 | Crear | Villager (Male) |
| 1:18 | Crear | Villager (Male) |
| 1:18 | Crear | Villager (Male) |
| 1:52 | Construir | Lumber Camp |
| 1:53 | Crear | Villager (Male) |
| 2:23 | Crear | Villager (Male) |
| 2:38 | Crear | Villager (Male) |
| 3:07 | Crear | Villager (Male) |
| 3:23 | Crear | Villager (Male) |
| 3:25 | Construir | House |
| 3:46 | Crear | Villager (Male) |
| 4:23 | Crear | Villager (Male) |
| 4:54 | Crear | Villager (Male) |
| 5:03 | Construir | Mill |
| 5:19 | Crear | Villager (Male) |
| 5:37 | Construir | House |
| 5:43 | Construir | Palisade Wall |
| 5:48 | Construir | Palisade Wall |
| 5:52 | Crear | Villager (Male) |
| 6:09 | Crear | Villager (Male) |
| 6:13 | Construir | Mining Camp |
| 6:35 | Crear | Villager (Male) |
| 7:06 | Crear | Villager (Male) |
| 7:16 | Construir | Palisade Wall |
| 7:17 | Construir | Palisade Wall |
| 7:24 | Crear | Villager (Male) |
| 7:41 | Construir | Mining Camp |
| 7:46 | Crear | Villager (Male) |
| 7:53 | Construir | House |
| 8:00 | Crear | Villager (Male) |
| 8:42 | Crear | Villager (Male) |
| 8:55 | Crear | Villager (Male) |
| 8:55 | Investigar | Feudal Age |
| 9:33 | Construir | Barracks |
| 10:10 | Construir | House |
| 10:25 | Crear | Militia |
| 10:38 | Crear | Militia |
| 10:57 | Crear | Militia |
| 11:05 | Construir | Barracks |
| 11:13 | Crear | Villager (Male) |
| 11:29 | Construir | House |
| 11:47 | Edad | Edad Feudal |
| 11:51 | Investigar | Double-Bit Axe |
| 11:56 | Investigar | Horse Collar |
| 11:56 | Investigar | Horse Collar |
| 11:58 | Crear | Villager (Male) |
| 11:59 | Investigar | Man-at-Arms (upgrade) |
| 12:01 | Crear | Militia |
| 12:12 | Crear | Militia |
| 12:12 | Crear | Militia |
| 12:16 | Construir | House |
| 12:25 | Crear | Villager (Male) |
| 12:30 | Construir | Farm |
| 12:35 | Crear | Militia |
| 12:40 | Construir | House |
| 12:43 | Crear | Militia |
| 12:43 | Crear | Militia |
| 12:53 | Crear | Militia |
| 13:00 | Crear | Villager (Male) |
| 13:03 | Construir | Farm |
| 13:15 | Construir | Farm |
| 13:18 | Crear | Militia |
| 13:22 | Crear | Militia |
| 13:28 | Construir | Farm |
| 13:33 | Crear | Villager (Male) |
| 13:38 | Construir | House |
| 13:39 | Construir | House |
| 13:51 | Construir | Farm |
| 13:54 | Crear | Villager (Male) |
| 14:06 | Crear | Militia |
| 14:06 | Crear | Militia |
| 14:15 | Crear | Villager (Male) |
| 14:16 | Construir | Farm |
| 14:18 | Construir | Farm |
| 14:25 | Crear | Militia |
| 14:25 | Crear | Militia |
| 14:44 | Crear | Militia |
| 14:44 | Crear | Militia |
| 14:47 | Construir | Farm |
| 14:49 | Construir | Farm |
| 14:57 | Crear | Villager (Male) |
| 15:12 | Crear | Villager (Male) |
| 15:22 | Construir | Blacksmith |
| 15:38 | Crear | Villager (Male) |
| 15:40 | Construir | Farm |
| 15:48 | Construir | Palisade Wall |
| 16:09 | Crear | Militia |
| 16:10 | Crear | Militia |
| 16:10 | Crear | Militia |
| 16:13 | Crear | Villager (Male) |
| 16:18 | Investigar | Scale Mail Armor |
| 16:28 | Construir | Farm |
| 16:29 | Construir | Farm |
| 16:30 | Construir | Farm |
| 16:30 | Construir | Farm |
| 16:36 | Construir | Farm |
| 16:37 | Crear | Villager (Male) |
| 16:40 | Crear | Militia |
| 16:40 | Crear | Militia |
| 16:53 | Crear | Villager (Male) |
| 17:05 | Construir | Farm |
| 17:07 | Construir | Farm |
| 17:15 | Investigar | Forging |
| 17:21 | Construir | Farm |
| 17:22 | Crear | Villager (Male) |
| 17:39 | Crear | Villager (Male) |
| 17:53 | Construir | Farm |
| 17:53 | Construir | Farm |
| 17:58 | Crear | Villager (Male) |
| 18:10 | Construir | House |
| 18:11 | Construir | House |
| 18:19 | Investigar | Wheelbarrow |
| 18:51 | Construir | Farm |
| 18:53 | Construir | Farm |
| 19:25 | Crear | Militia |
| 19:25 | Crear | Militia |
| 19:38 | Construir | Farm |
| 19:39 | Construir | Farm |
| 19:42 | Crear | Militia |
| 19:42 | Crear | Militia |
| 19:48 | Crear | Villager (Male) |
| 20:01 | Construir | Farm |
| 20:02 | Construir | Farm |
| 20:05 | Crear | Militia |
| 20:06 | Crear | Militia |
| 20:10 | Crear | Villager (Male) |
| 20:28 | Construir | Market |
| 20:35 | Crear | Villager (Male) |
| 21:11 | Investigar | Castle Age |
| 21:18 | Construir | Palisade Wall |
| 21:21 | Crear | Militia |
| 21:21 | Crear | Militia |
| 21:32 | Construir | Barracks |
| 21:35 | Construir | Palisade Wall |
| 21:39 | Crear | Militia |
| 21:39 | Crear | Militia |
| 21:39 | Crear | Militia |
| 21:49 | Crear | Militia |
| 21:52 | Construir | Lumber Camp |
| 22:05 | Crear | Militia |
| 22:12 | Investigar | Gold Mining |
| 22:12 | Investigar | Gold Mining |
Build order — [R1] 12Tirador
Primeras 150 de 777 acciones detectadas
| 0:02 | Crear | Villager (Male) |
| 0:02 | Crear | Villager (Male) |
| 0:02 | Crear | Villager (Male) |
| 0:03 | Crear | Villager (Male) |
| 0:05 | Construir | House |
| 0:08 | Construir | House |
| 1:27 | Crear | Villager (Male) |
| 1:28 | Crear | Villager (Male) |
| 1:37 | Construir | Lumber Camp |
| 2:00 | Crear | Villager (Male) |
| 2:01 | Crear | Villager (Male) |
| 2:30 | Crear | Villager (Male) |
| 2:49 | Crear | Villager (Male) |
| 3:15 | Crear | Villager (Male) |
| 3:15 | Crear | Villager (Male) |
| 3:30 | Construir | Mill |
| 3:36 | Crear | Villager (Male) |
| 4:09 | Crear | Villager (Male) |
| 4:17 | Construir | House |
| 4:18 | Crear | Villager (Male) |
| 4:24 | Construir | House |
| 4:30 | Crear | Villager (Male) |
| 4:58 | Construir | House |
| 5:14 | Crear | Villager (Male) |
| 5:14 | Crear | Villager (Male) |
| 5:19 | Crear | Villager (Male) |
| 5:45 | Construir | House |
| 5:55 | Crear | Villager (Male) |
| 6:22 | Investigar | Loom |
| 6:45 | Construir | Barracks |
| 6:55 | Investigar | Feudal Age |
| 7:24 | Construir | House |
| 7:46 | Construir | House |
| 7:53 | Construir | House |
| 8:34 | Construir | House |
| 8:40 | Crear | Villager (Male) |
| 9:05 | Edad | Edad Feudal |
| 9:08 | Crear | Villager (Male) |
| 9:11 | Construir | Stable |
| 9:11 | Investigar | Double-Bit Axe |
| 9:27 | Construir | Farm |
| 9:28 | Construir | Farm |
| 9:39 | Crear | Villager (Male) |
| 9:48 | Crear | Villager (Male) |
| 10:01 | Construir | Farm |
| 10:05 | Crear | Scout Cavalry |
| 10:05 | Crear | Scout Cavalry |
| 10:15 | Crear | Villager (Male) |
| 10:19 | Construir | Farm |
| 10:20 | Construir | Farm |
| 10:24 | Crear | Scout Cavalry |
| 10:42 | Crear | Villager (Male) |
| 10:54 | Crear | Villager (Male) |
| 10:56 | Construir | Farm |
| 11:09 | Crear | Scout Cavalry |
| 11:16 | Construir | Farm |
| 11:29 | Crear | Scout Cavalry |
| 11:53 | Crear | Scout Cavalry |
| 11:54 | Crear | Villager (Male) |
| 12:05 | Construir | Farm |
| 12:07 | Construir | Farm |
| 12:10 | Crear | Scout Cavalry |
| 12:18 | Crear | Villager (Male) |
| 12:23 | Investigar | Horse Collar |
| 12:37 | Crear | Villager (Male) |
| 12:52 | Crear | Villager (Male) |
| 12:55 | Crear | Villager (Male) |
| 13:09 | Crear | Scout Cavalry |
| 13:09 | Crear | Villager (Male) |
| 13:14 | Crear | Villager (Male) |
| 13:19 | Crear | Villager (Male) |
| 13:24 | Crear | Villager (Male) |
| 13:28 | Construir | Mining Camp |
| 13:32 | Investigar | Wheelbarrow |
| 13:43 | Crear | Villager (Male) |
| 13:58 | Crear | Villager (Male) |
| 14:01 | Crear | Villager (Male) |
| 14:15 | Crear | Villager (Male) |
| 14:17 | Crear | Villager (Male) |
| 14:22 | Crear | Villager (Male) |
| 14:26 | Crear | Villager (Male) |
| 14:37 | Construir | Farm |
| 14:37 | Construir | Farm |
| 14:37 | Construir | Farm |
| 14:38 | Construir | Farm |
| 14:38 | Construir | Farm |
| 14:44 | Crear | Villager (Male) |
| 14:47 | Crear | Villager (Male) |
| 15:03 | Crear | Villager (Male) |
| 15:07 | Crear | Villager (Male) |
| 15:14 | Construir | Blacksmith |
| 15:38 | Crear | Villager (Male) |
| 15:50 | Construir | House |
| 16:01 | Crear | Villager (Male) |
| 16:27 | Crear | Villager (Male) |
| 16:36 | Investigar | Castle Age |
| 16:36 | Investigar | Castle Age |
| 16:40 | Construir | House |
| 16:55 | Investigar | Forging |
| 17:05 | Crear | Villager (Male) |
| 17:39 | Crear | Villager (Male) |
| 17:41 | Construir | House |
| 17:49 | Investigar | Gold Mining |
| 17:58 | Construir | House |
| 18:07 | Crear | Villager (Male) |
| 18:13 | Crear | Villager (Male) |
| 18:38 | Crear | Villager (Male) |
| 19:16 | Edad | Edad de los Castillos |
| 19:18 | Construir | Town Center |
| 19:21 | Construir | Town Center |
| 19:23 | Investigar | Bow Saw |
| 19:31 | Crear | Villager (Male) |
| 19:31 | Crear | Villager (Male) |
| 19:35 | Crear | Villager (Male) |
| 19:42 | Crear | Steppe Lancer |
| 19:42 | Crear | Steppe Lancer |
| 19:48 | Crear | Steppe Lancer |
| 20:00 | Investigar | Town Watch |
| 20:06 | Crear | Villager (Male) |
| 20:12 | Crear | Villager (Male) |
| 20:14 | Crear | Villager (Male) |
| 20:14 | Crear | Villager (Male) |
| 20:14 | Crear | Villager (Male) |
| 20:15 | Crear | Villager (Male) |
| 20:15 | Crear | Villager (Male) |
| 20:17 | Construir | Farm |
| 20:18 | Construir | Farm |
| 20:18 | Construir | Farm |
| 20:29 | Crear | Villager (Male) |
| 20:31 | Crear | Villager (Male) |
| 20:31 | Crear | Villager (Male) |
| 20:53 | Crear | Villager (Male) |
| 21:02 | Crear | Villager (Male) |
| 21:09 | Crear | Steppe Lancer |
| 21:12 | Construir | Farm |
| 21:12 | Construir | Farm |
| 21:12 | Construir | Farm |
| 21:31 | Crear | Villager (Male) |
| 21:38 | Crear | Villager (Male) |
| 21:41 | Construir | Farm |
| 21:41 | Construir | Farm |
| 21:42 | Construir | Farm |
| 21:42 | Construir | Farm |
| 21:42 | Construir | Farm |
| 21:42 | Construir | Farm |
| 21:54 | Crear | Villager (Male) |
| 21:54 | Crear | Villager (Male) |
| 22:05 | Construir | Town Center |
| 22:09 | Crear | Villager (Male) |
| 22:33 | Crear | Steppe Lancer |
Build order — Hui
Primeras 150 de 830 acciones detectadas
| 0:03 | Crear | Villager (Male) |
| 0:03 | Crear | Villager (Male) |
| 0:03 | Crear | Villager (Male) |
| 0:04 | Construir | House |
| 0:06 | Construir | House |
| 0:08 | Crear | Villager (Male) |
| 1:36 | Crear | Villager (Male) |
| 1:52 | Construir | Lumber Camp |
| 1:53 | Crear | Villager (Male) |
| 2:17 | Crear | Villager (Male) |
| 2:18 | Crear | Villager (Male) |
| 2:48 | Crear | Villager (Male) |
| 3:02 | Crear | Villager (Male) |
| 3:28 | Crear | Villager (Male) |
| 3:28 | Crear | Villager (Male) |
| 3:50 | Crear | Villager (Male) |
| 3:51 | Crear | Villager (Male) |
| 4:00 | Construir | House |
| 4:23 | Crear | Villager (Male) |
| 4:23 | Crear | Villager (Male) |
| 4:45 | Crear | Villager (Male) |
| 4:50 | Crear | Villager (Male) |
| 4:51 | Construir | Mill |
| 5:06 | Crear | Villager (Male) |
| 5:50 | Crear | Villager (Male) |
| 5:50 | Investigar | Loom |
| 6:37 | Investigar | Feudal Age |
| 6:48 | Crear | Villager (Male) |
| 7:23 | Construir | House |
| 8:04 | Construir | Barracks |
| 8:36 | Construir | House |
| 8:54 | Edad | Edad Feudal |
| 9:00 | Construir | Stable |
| 9:03 | Investigar | Double-Bit Axe |
| 9:05 | Crear | Villager (Male) |
| 9:22 | Construir | House |
| 9:31 | Construir | Palisade Wall |
| 9:34 | Crear | Villager (Male) |
| 9:38 | Crear | Scout Cavalry |
| 9:52 | Crear | Villager (Male) |
| 9:56 | Crear | Scout Cavalry |
| 10:05 | Construir | Stone Wall |
| 10:17 | Construir | House |
| 10:21 | Crear | Villager (Male) |
| 10:28 | Investigar | Horse Collar |
| 10:32 | Crear | Scout Cavalry |
| 10:47 | Construir | Palisade Wall |
| 10:50 | Crear | Villager (Male) |
| 11:04 | Construir | Farm |
| 11:05 | Crear | Villager (Male) |
| 11:07 | Crear | Scout Cavalry |
| 11:15 | Construir | Palisade Wall |
| 11:19 | Construir | Palisade Wall |
| 11:24 | Construir | Farm |
| 11:29 | Crear | Villager (Male) |
| 11:54 | Crear | Villager (Male) |
| 12:02 | Crear | Spearman |
| 12:05 | Construir | Farm |
| 12:11 | Crear | Villager (Male) |
| 12:13 | Construir | Farm |
| 12:20 | Construir | Farm |
| 12:26 | Crear | Spearman |
| 12:35 | Construir | Palisade Wall |
| 12:45 | Crear | Villager (Male) |
| 12:54 | Crear | Villager (Male) |
| 12:56 | Construir | Farm |
| 13:04 | Crear | Spearman |
| 13:16 | Crear | Villager (Male) |
| 13:18 | Construir | Farm |
| 13:35 | Construir | Farm |
| 13:37 | Crear | Villager (Male) |
| 13:50 | Construir | Blacksmith |
| 13:59 | Construir | Mining Camp |
| 14:14 | Construir | Farm |
| 14:27 | Crear | Villager (Male) |
| 14:59 | Construir | Farm |
| 15:02 | Construir | Lumber Camp |
| 15:07 | Construir | House |
| 15:10 | Construir | House |
| 15:13 | Crear | Villager (Male) |
| 15:34 | Construir | House |
| 15:52 | Crear | Villager (Male) |
| 16:23 | Investigar | Castle Age |
| 16:23 | Investigar | Castle Age |
| 16:44 | Construir | Mining Camp |
| 16:48 | Crear | Spearman |
| 16:51 | Crear | Villager (Male) |
| 17:07 | Construir | Farm |
| 17:20 | Construir | House |
| 17:54 | Construir | House |
| 17:56 | Construir | Stone Wall |
| 18:54 | Crear | Spearman |
| 19:03 | Edad | Edad de los Castillos |
| 19:07 | Crear | Villager (Male) |
| 19:11 | Investigar | Bow Saw |
| 19:11 | Investigar | Heavy Plow |
| 19:23 | Crear | Knight |
| 19:23 | Crear | Knight |
| 19:24 | Crear | Villager (Male) |
| 19:29 | Construir | Town Center |
| 19:43 | Crear | Villager (Male) |
| 19:46 | Construir | Town Center |
| 19:54 | Crear | Knight |
| 20:13 | Investigar | Light Cavalry (upgrade) |
| 20:17 | Crear | Villager (Male) |
| 20:24 | Construir | House |
| 20:25 | Construir | House |
| 20:32 | Construir | Stone Wall |
| 20:37 | Construir | Stone Wall |
| 20:40 | Construir | Stone Wall |
| 20:53 | Crear | Villager (Male) |
| 20:55 | Crear | Villager (Male) |
| 20:56 | Construir | Farm |
| 20:59 | Construir | Farm |
| 21:00 | Construir | Farm |
| 21:03 | Crear | Villager (Male) |
| 21:04 | Crear | Villager (Male) |
| 21:15 | Construir | Town Center |
| 21:19 | Crear | Villager (Male) |
| 21:19 | Crear | Villager (Male) |
| 21:24 | Construir | Farm |
| 21:31 | Crear | Villager (Male) |
| 21:44 | Crear | Villager (Male) |
| 21:44 | Crear | Villager (Male) |
| 21:46 | Construir | Farm |
| 21:49 | Construir | Farm |
| 21:52 | Construir | House |
| 21:59 | Crear | Villager (Male) |
| 22:08 | Construir | Building 487 |
| 22:15 | Crear | Villager (Male) |
| 22:15 | Crear | Villager (Male) |
| 22:17 | Construir | Farm |
| 22:30 | Crear | Villager (Male) |
| 22:30 | Crear | Villager (Male) |
| 22:33 | Construir | Farm |
| 22:49 | Crear | Villager (Male) |
| 22:55 | Crear | Villager (Male) |
| 23:01 | Crear | Villager (Male) |
| 23:01 | Crear | Villager (Male) |
| 23:13 | Crear | Villager (Male) |
| 23:13 | Crear | Villager (Male) |
| 23:14 | Crear | Villager (Male) |
| 23:16 | Construir | Farm |
| 23:16 | Construir | Farm |
| 23:17 | Construir | Farm |
| 23:18 | Construir | Farm |
| 23:35 | Crear | Villager (Male) |
| 23:35 | Crear | Villager (Male) |
| 23:39 | Crear | Knight |
| 23:41 | Construir | Farm |
Build order — [R1] Pume
Primeras 150 de 679 acciones detectadas
| 0:01 | Crear | Villager (Male) |
| 0:01 | Crear | Villager (Male) |
| 0:02 | Construir | House |
| 0:03 | Crear | Villager (Male) |
| 0:04 | Construir | House |
| 0:05 | Crear | Villager (Male) |
| 1:36 | Crear | Villager (Male) |
| 1:36 | Crear | Villager (Male) |
| 2:03 | Crear | Villager (Male) |
| 2:03 | Crear | Villager (Male) |
| 2:06 | Crear | Villager (Male) |
| 2:25 | Crear | Villager (Male) |
| 2:25 | Crear | Villager (Male) |
| 2:39 | Construir | Lumber Camp |
| 2:50 | Crear | Villager (Male) |
| 3:05 | Crear | Villager (Male) |
| 3:07 | Crear | Villager (Male) |
| 3:08 | Crear | Villager (Male) |
| 3:29 | Construir | House |
| 3:32 | Crear | Villager (Male) |
| 3:35 | Crear | Villager (Male) |
| 3:53 | Construir | House |
| 4:00 | Crear | Villager (Male) |
| 4:02 | Construir | House |
| 4:05 | Crear | Villager (Male) |
| 4:06 | Crear | Villager (Male) |
| 4:53 | Construir | Palisade Wall |
| 4:54 | Crear | Villager (Male) |
| 5:05 | Crear | Villager (Male) |
| 5:18 | Crear | Villager (Male) |
| 5:23 | Crear | Villager (Male) |
| 5:40 | Construir | Mill |
| 6:21 | Crear | Villager (Male) |
| 6:24 | Crear | Villager (Male) |
| 6:32 | Crear | Villager (Male) |
| 6:40 | Crear | Villager (Male) |
| 6:43 | Crear | Villager (Male) |
| 6:49 | Construir | Mining Camp |
| 6:51 | Crear | Villager (Male) |
| 6:55 | Construir | Palisade Wall |
| 6:57 | Construir | Palisade Wall |
| 7:03 | Crear | Villager (Male) |
| 8:11 | Investigar | Feudal Age |
| 8:11 | Investigar | Feudal Age |
| 8:35 | Crear | Villager (Male) |
| 8:47 | Crear | Villager (Male) |
| 9:14 | Crear | Villager (Male) |
| 9:54 | Crear | Villager (Male) |
| 10:21 | Edad | Edad Feudal |
| 10:27 | Construir | Market |
| 10:30 | Construir | Blacksmith |
| 11:01 | Investigar | Double-Bit Axe |
| 11:18 | Investigar | Castle Age |
| 11:18 | Investigar | Castle Age |
| 11:19 | Investigar | Castle Age |
| 11:52 | Crear | Villager (Male) |
| 11:57 | Construir | House |
| 11:57 | Construir | House |
| 12:27 | Investigar | Horse Collar |
| 12:27 | Investigar | Horse Collar |
| 12:29 | Construir | Farm |
| 12:30 | Construir | Farm |
| 12:32 | Construir | Farm |
| 12:57 | Crear | Villager (Male) |
| 13:12 | Construir | Farm |
| 13:28 | Crear | Villager (Male) |
| 13:44 | Crear | Villager (Male) |
| 13:58 | Edad | Edad de los Castillos |
| 14:01 | Construir | Town Center |
| 14:04 | Construir | Town Center |
| 14:11 | Crear | Villager (Male) |
| 14:33 | Investigar | Bow Saw |
| 14:34 | Investigar | Bow Saw |
| 14:34 | Crear | Villager (Male) |
| 14:47 | Construir | Farm |
| 15:10 | Construir | Town Center |
| 15:15 | Crear | Villager (Male) |
| 15:16 | Crear | Villager (Male) |
| 15:19 | Construir | Farm |
| 15:20 | Construir | Farm |
| 15:37 | Construir | Farm |
| 15:44 | Crear | Villager (Male) |
| 15:44 | Crear | Villager (Male) |
| 15:45 | Investigar | Loom |
| 15:51 | Construir | House |
| 15:52 | Crear | Villager (Male) |
| 15:54 | Construir | House |
| 15:55 | Construir | House |
| 16:15 | Crear | Villager (Male) |
| 16:21 | Construir | House |
| 16:22 | Construir | House |
| 16:24 | Construir | Palisade Wall |
| 16:32 | Crear | Villager (Male) |
| 16:39 | Construir | Farm |
| 16:52 | Construir | Farm |
| 16:52 | Crear | Villager (Male) |
| 16:52 | Crear | Villager (Male) |
| 16:55 | Crear | Villager (Male) |
| 16:55 | Crear | Villager (Male) |
| 17:05 | Construir | Farm |
| 17:13 | Crear | Villager (Male) |
| 17:29 | Crear | Villager (Male) |
| 17:34 | Construir | Monastery |
| 17:46 | Crear | Villager (Male) |
| 17:58 | Construir | Farm |
| 18:00 | Construir | Farm |
| 18:03 | Crear | Monk |
| 18:04 | Crear | Villager (Male) |
| 18:05 | Crear | Villager (Male) |
| 18:07 | Construir | Farm |
| 18:09 | Construir | Farm |
| 18:16 | Crear | Villager (Male) |
| 18:16 | Crear | Villager (Male) |
| 18:19 | Construir | Farm |
| 18:27 | Construir | Farm |
| 18:37 | Construir | Farm |
| 18:37 | Crear | Villager (Male) |
| 18:42 | Construir | Farm |
| 18:46 | Crear | Villager (Male) |
| 18:57 | Crear | Villager (Male) |
| 19:01 | Crear | Villager (Male) |
| 19:01 | Crear | Villager (Male) |
| 19:04 | Construir | Farm |
| 19:11 | Crear | Monk |
| 19:12 | Crear | Villager (Male) |
| 19:12 | Crear | Villager (Male) |
| 19:19 | Construir | Farm |
| 19:28 | Construir | Farm |
| 19:28 | Crear | Villager (Male) |
| 19:30 | Construir | Farm |
| 19:35 | Crear | Villager (Male) |
| 19:36 | Crear | Villager (Male) |
| 19:40 | Construir | Farm |
| 19:41 | Crear | Villager (Male) |
| 19:58 | Crear | Villager (Male) |
| 19:58 | Crear | Villager (Male) |
| 20:05 | Crear | Villager (Male) |
| 20:14 | Crear | Villager (Male) |
| 20:14 | Crear | Villager (Male) |
| 20:14 | Crear | Villager (Male) |
| 20:15 | Construir | Farm |
| 20:18 | Construir | Farm |
| 20:18 | Crear | Villager (Male) |
| 20:25 | Crear | Villager (Male) |
| 20:35 | Crear | Villager (Male) |
| 20:35 | Crear | Villager (Male) |
| 20:40 | Construir | Farm |
| 20:41 | Construir | Farm |
| 20:42 | Crear | Villager (Male) |
| 20:42 | Crear | Villager (Male) |
Build order — Peter_Pahn
Primeras 150 de 665 acciones detectadas
| 0:01 | Crear | Villager (Male) |
| 0:01 | Crear | Villager (Male) |
| 0:03 | Construir | House |
| 0:06 | Construir | House |
| 0:32 | Crear | Villager (Male) |
| 0:32 | Crear | Villager (Male) |
| 1:23 | Crear | Villager (Male) |
| 1:23 | Crear | Villager (Male) |
| 1:23 | Crear | Villager (Male) |
| 1:50 | Crear | Villager (Male) |
| 1:50 | Crear | Villager (Male) |
| 1:54 | Construir | Lumber Camp |
| 2:22 | Crear | Villager (Male) |
| 2:22 | Crear | Villager (Male) |
| 2:52 | Crear | Villager (Male) |
| 2:52 | Crear | Villager (Male) |
| 2:53 | Crear | Villager (Male) |
| 3:30 | Construir | House |
| 3:33 | Crear | Villager (Male) |
| 3:33 | Crear | Villager (Male) |
| 4:03 | Crear | Villager (Male) |
| 4:04 | Crear | Villager (Male) |
| 4:11 | Construir | Mill |
| 4:55 | Crear | Villager (Male) |
| 4:56 | Crear | Villager (Male) |
| 5:10 | Crear | Villager (Male) |
| 5:36 | Crear | Villager (Male) |
| 6:11 | Crear | Villager (Male) |
| 6:14 | Construir | House |
| 6:45 | Crear | Villager (Male) |
| 6:48 | Construir | House |
| 7:00 | Crear | Villager (Male) |
| 7:14 | Construir | Lumber Camp |
| 7:23 | Crear | Villager (Male) |
| 7:27 | Construir | House |
| 8:04 | Construir | Mining Camp |
| 8:07 | Crear | Villager (Male) |
| 8:19 | Construir | House |
| 8:22 | Construir | Palisade Wall |
| 8:24 | Construir | Palisade Wall |
| 8:47 | Crear | Villager (Male) |
| 8:49 | Crear | Villager (Male) |
| 9:19 | Investigar | Feudal Age |
| 9:32 | Construir | Farm |
| 9:37 | Construir | Farm |
| 11:47 | Edad | Edad Feudal |
| 11:48 | Investigar | Castle Age |
| 12:00 | Investigar | Double-Bit Axe |
| 12:01 | Investigar | Double-Bit Axe |
| 12:27 | Investigar | Horse Collar |
| 12:28 | Investigar | Horse Collar |
| 13:10 | Construir | Farm |
| 13:12 | Construir | Farm |
| 13:16 | Construir | Farm |
| 13:37 | Construir | Building 796 |
| 13:58 | Construir | Palisade Gate |
| 14:07 | Crear | Villager (Male) |
| 14:28 | Edad | Edad de los Castillos |
| 14:30 | Construir | Town Center |
| 14:33 | Construir | Town Center |
| 14:35 | Investigar | Bow Saw |
| 14:35 | Investigar | Heavy Plow |
| 14:38 | Crear | Villager (Male) |
| 14:59 | Construir | Monastery |
| 15:07 | Construir | Farm |
| 15:07 | Crear | Villager (Male) |
| 15:26 | Crear | Villager (Male) |
| 15:31 | Construir | Farm |
| 15:37 | Construir | House |
| 15:42 | Construir | House |
| 15:44 | Crear | Monk |
| 15:49 | Crear | Villager (Male) |
| 15:52 | Construir | Farm |
| 15:55 | Construir | Farm |
| 15:58 | Construir | Farm |
| 16:09 | Construir | Farm |
| 16:11 | Crear | Villager (Male) |
| 16:24 | Crear | Villager (Male) |
| 16:32 | Construir | Farm |
| 16:33 | Crear | Villager (Male) |
| 16:38 | Construir | Farm |
| 16:40 | Construir | Farm |
| 16:43 | Construir | Farm |
| 16:46 | Crear | Villager (Male) |
| 16:49 | Crear | Villager (Male) |
| 16:53 | Crear | Monk |
| 17:02 | Construir | Farm |
| 17:02 | Crear | Villager (Male) |
| 17:05 | Crear | Villager (Male) |
| 17:15 | Construir | Farm |
| 17:19 | Crear | Villager (Male) |
| 17:19 | Crear | Villager (Male) |
| 17:23 | Crear | Villager (Male) |
| 17:23 | Crear | Villager (Male) |
| 17:30 | Crear | Villager (Male) |
| 17:30 | Crear | Villager (Male) |
| 17:36 | Crear | Villager (Male) |
| 17:44 | Crear | Villager (Male) |
| 17:44 | Crear | Villager (Male) |
| 18:02 | Crear | Villager (Male) |
| 18:13 | Crear | Villager (Male) |
| 18:16 | Construir | Town Center |
| 18:27 | Crear | Villager (Male) |
| 18:30 | Construir | Farm |
| 18:30 | Crear | Villager (Male) |
| 18:31 | Crear | Villager (Male) |
| 18:33 | Construir | Farm |
| 18:34 | Construir | Farm |
| 18:35 | Crear | Villager (Male) |
| 18:35 | Crear | Villager (Male) |
| 18:39 | Crear | Villager (Male) |
| 18:39 | Crear | Villager (Male) |
| 18:58 | Crear | Villager (Male) |
| 18:58 | Crear | Villager (Male) |
| 19:01 | Construir | Farm |
| 19:04 | Construir | Farm |
| 19:07 | Crear | Villager (Male) |
| 19:07 | Crear | Villager (Male) |
| 19:21 | Construir | House |
| 19:26 | Investigar | Wheelbarrow |
| 19:31 | Crear | Monk |
| 19:36 | Crear | Villager (Male) |
| 19:39 | Crear | Villager (Male) |
| 19:41 | Construir | Farm |
| 19:44 | Construir | House |
| 19:59 | Crear | Villager (Male) |
| 19:59 | Crear | Villager (Male) |
| 20:10 | Construir | Farm |
| 20:12 | Construir | Farm |
| 20:14 | Crear | Villager (Male) |
| 20:15 | Crear | Villager (Male) |
| 20:20 | Construir | Farm |
| 20:25 | Crear | Villager (Male) |
| 20:28 | Construir | House |
| 20:29 | Crear | Villager (Male) |
| 20:29 | Crear | Villager (Male) |
| 20:33 | Crear | Villager (Male) |
| 20:39 | Crear | Villager (Male) |
| 20:47 | Construir | Farm |
| 20:50 | Crear | Villager (Male) |
| 20:53 | Crear | Villager (Male) |
| 21:01 | Crear | Villager (Male) |
| 21:12 | Crear | Villager (Male) |
| 21:12 | Crear | Villager (Male) |
| 21:25 | Construir | Palisade Gate |
| 21:30 | Construir | Farm |
| 21:32 | Construir | House |
| 21:33 | Crear | Villager (Male) |
| 21:34 | Crear | Villager (Male) |
| 21:38 | Construir | House |
Build order — Oni.TaToH
Primeras 150 de 672 acciones detectadas
| 0:01 | Crear | Villager (Male) ×4 |
| 0:01 | Crear | Villager (Male) ×4 |
| 0:02 | Construir | House |
| 0:02 | Construir | House |
| 1:30 | Crear | Villager (Male) |
| 1:30 | Crear | Villager (Male) |
| 1:45 | Crear | Villager (Male) |
| 1:45 | Crear | Villager (Male) |
| 2:11 | Construir | Lumber Camp |
| 2:13 | Crear | Villager (Male) |
| 2:41 | Crear | Villager (Male) |
| 2:41 | Crear | Villager (Male) |
| 2:58 | Crear | Villager (Male) |
| 3:20 | Crear | Villager (Male) |
| 3:40 | Crear | Villager (Male) |
| 3:50 | Construir | House |
| 3:59 | Crear | Villager (Male) |
| 4:12 | Crear | Villager (Male) |
| 4:25 | Construir | House |
| 4:36 | Crear | Villager (Male) |
| 4:55 | Construir | Mill |
| 4:59 | Construir | Mill |
| 5:05 | Crear | Villager (Male) |
| 5:31 | Crear | Villager (Male) |
| 5:53 | Crear | Villager (Male) |
| 6:04 | Crear | Villager (Male) |
| 6:32 | Construir | Mining Camp |
| 7:12 | Construir | House |
| 7:15 | Construir | Palisade Wall |
| 7:16 | Crear | Villager (Male) |
| 7:20 | Construir | Palisade Wall |
| 7:36 | Construir | Palisade Wall |
| 7:40 | Crear | Villager (Male) |
| 7:44 | Construir | Palisade Wall |
| 7:51 | Construir | Palisade Wall |
| 7:51 | Construir | Palisade Wall |
| 8:02 | Crear | Villager (Male) |
| 8:20 | Construir | Building 796 |
| 8:22 | Construir | Palisade Wall |
| 8:23 | Crear | Villager (Male) |
| 8:35 | Construir | Farm |
| 9:02 | Crear | Villager (Male) |
| 9:20 | Crear | Villager (Male) |
| 9:21 | Construir | Farm |
| 9:41 | Crear | Villager (Male) |
| 9:45 | Investigar | Feudal Age |
| 9:50 | Construir | House |
| 10:03 | Construir | Farm |
| 11:05 | Construir | House |
| 11:20 | Construir | Farm |
| 11:26 | Crear | Villager (Male) |
| 11:26 | Crear | Villager (Male) |
| 11:32 | Construir | House |
| 12:11 | Edad | Edad Feudal |
| 12:13 | Construir | Market |
| 12:14 | Construir | Blacksmith |
| 12:35 | Investigar | Horse Collar |
| 12:38 | Construir | Farm |
| 12:42 | Construir | Farm |
| 12:52 | Construir | Farm |
| 13:03 | Investigar | Castle Age |
| 13:03 | Investigar | Castle Age |
| 13:08 | Construir | Farm |
| 13:51 | Investigar | Double-Bit Axe |
| 13:52 | Investigar | Double-Bit Axe |
| 15:17 | Crear | Villager (Male) |
| 15:43 | Edad | Edad de los Castillos |
| 15:47 | Construir | Town Center |
| 15:49 | Investigar | Bow Saw |
| 15:50 | Crear | Villager (Male) |
| 15:59 | Construir | Town Center |
| 16:16 | Construir | Town Center |
| 16:28 | Crear | Villager (Male) |
| 16:33 | Construir | House |
| 16:34 | Construir | House |
| 16:42 | Investigar | Wheelbarrow |
| 17:03 | Construir | Farm |
| 17:05 | Construir | House |
| 17:08 | Construir | Farm |
| 17:13 | Crear | Villager (Male) |
| 17:13 | Crear | Villager (Male) |
| 17:15 | Construir | Farm |
| 17:16 | Construir | Farm |
| 17:18 | Crear | Villager (Male) |
| 17:20 | Crear | Villager (Male) |
| 17:37 | Crear | Villager (Male) |
| 17:40 | Construir | Farm |
| 17:44 | Crear | Villager (Male) |
| 17:45 | Crear | Villager (Male) |
| 17:46 | Construir | Farm |
| 17:47 | Construir | Farm |
| 17:51 | Crear | Villager (Male) |
| 17:54 | Crear | Villager (Male) |
| 17:56 | Construir | Farm |
| 18:03 | Construir | Farm |
| 18:06 | Crear | Villager (Male) |
| 18:11 | Crear | Villager (Male) |
| 18:11 | Crear | Villager (Male) |
| 18:14 | Construir | Farm |
| 18:28 | Construir | Farm |
| 18:30 | Crear | Villager (Male) |
| 18:32 | Crear | Villager (Male) |
| 18:32 | Crear | Villager (Male) |
| 18:43 | Construir | Monastery |
| 18:46 | Crear | Villager (Male) |
| 18:46 | Crear | Villager (Male) |
| 18:56 | Crear | Villager (Male) |
| 19:02 | Construir | Farm |
| 19:03 | Construir | Farm |
| 19:04 | Crear | Villager (Male) |
| 19:04 | Crear | Villager (Male) |
| 19:07 | Construir | Lumber Camp |
| 19:08 | Crear | Villager (Male) |
| 19:08 | Crear | Villager (Male) |
| 19:08 | Crear | Villager (Male) |
| 19:17 | Crear | Villager (Male) |
| 19:17 | Crear | Villager (Male) |
| 19:17 | Crear | Villager (Male) |
| 19:25 | Construir | House |
| 19:26 | Crear | Villager (Male) |
| 19:26 | Crear | Villager (Male) |
| 19:33 | Construir | Farm |
| 19:34 | Construir | Farm |
| 19:35 | Investigar | Loom |
| 19:39 | Crear | Villager (Male) |
| 19:40 | Crear | Villager (Male) |
| 19:40 | Crear | Monk |
| 19:42 | Construir | Mining Camp |
| 19:46 | Crear | Villager (Male) |
| 19:46 | Crear | Villager (Male) |
| 19:50 | Crear | Villager (Male) |
| 19:52 | Construir | Farm |
| 19:54 | Construir | Farm |
| 19:56 | Crear | Villager (Male) |
| 19:56 | Crear | Villager (Male) |
| 20:03 | Construir | House |
| 20:06 | Crear | Villager (Male) |
| 20:10 | Construir | Farm |
| 20:12 | Crear | Villager (Male) |
| 20:12 | Crear | Villager (Male) |
| 20:17 | Crear | Villager (Male) |
| 20:19 | Construir | Farm |
| 20:24 | Crear | Villager (Male) |
| 20:26 | Crear | Villager (Male) |
| 20:29 | Construir | Farm |
| 20:32 | Crear | Monk |
| 20:35 | Crear | Villager (Male) |
| 20:40 | Crear | Villager (Male) |
| 20:40 | Crear | Villager (Male) |
| 20:47 | Crear | Villager (Male) |
Build order — Moneimon
Primeras 150 de 618 acciones detectadas
| 0:01 | Crear | Villager (Male) |
| 0:01 | Crear | Villager (Male) |
| 0:02 | Construir | House |
| 0:03 | Construir | House |
| 0:05 | Crear | Villager (Male) |
| 0:06 | Crear | Villager (Male) |
| 0:06 | Crear | Villager (Male) |
| 0:06 | Crear | Villager (Male) |
| 1:25 | Crear | Villager (Male) |
| 1:25 | Crear | Villager (Male) |
| 1:25 | Crear | Villager (Male) |
| 1:46 | Construir | Lumber Camp |
| 1:49 | Crear | Villager (Male) |
| 1:50 | Crear | Villager (Male) |
| 2:21 | Crear | Villager (Male) |
| 2:21 | Crear | Villager (Male) |
| 2:21 | Crear | Villager (Male) |
| 2:48 | Crear | Villager (Male) |
| 3:00 | Construir | House |
| 3:20 | Crear | Villager (Male) |
| 3:21 | Crear | Villager (Male) |
| 4:10 | Construir | House |
| 4:13 | Construir | Palisade Wall |
| 4:16 | Construir | Palisade Wall |
| 4:25 | Construir | Palisade Wall |
| 4:28 | Crear | Villager (Male) |
| 4:33 | Crear | Villager (Male) |
| 4:33 | Crear | Villager (Male) |
| 4:33 | Crear | Villager (Male) |
| 5:20 | Crear | Villager (Male) |
| 5:21 | Crear | Villager (Male) |
| 5:23 | Construir | Mill |
| 5:31 | Crear | Villager (Male) |
| 6:07 | Construir | Palisade Wall |
| 6:17 | Crear | Villager (Male) |
| 6:52 | Construir | Palisade Wall |
| 7:00 | Crear | Villager (Male) |
| 7:02 | Investigar | Loom |
| 7:16 | Investigar | Feudal Age |
| 8:00 | Construir | Barracks |
| 8:46 | Construir | House |
| 9:03 | Construir | House |
| 9:31 | Crear | Villager (Male) |
| 9:37 | Edad | Edad Feudal |
| 9:43 | Construir | Stable |
| 9:46 | Investigar | Double-Bit Axe |
| 10:00 | Crear | Villager (Male) |
| 10:07 | Construir | Mining Camp |
| 10:15 | Crear | Villager (Male) |
| 10:25 | Crear | Villager (Male) |
| 10:35 | Crear | Scout Cavalry |
| 10:35 | Crear | Scout Cavalry |
| 10:39 | Construir | Farm |
| 10:39 | Construir | House |
| 10:41 | Construir | Farm |
| 10:42 | Construir | House |
| 10:56 | Crear | Villager (Male) |
| 10:58 | Construir | Farm |
| 11:12 | Construir | Farm |
| 11:13 | Construir | House |
| 11:18 | Construir | House |
| 11:24 | Construir | Stone Wall |
| 11:26 | Construir | Stone Wall |
| 11:37 | Crear | Scout Cavalry |
| 11:38 | Crear | Villager (Male) |
| 11:41 | Construir | Farm |
| 11:43 | Construir | House |
| 11:56 | Crear | Villager (Male) |
| 12:09 | Construir | Farm |
| 12:21 | Crear | Villager (Male) |
| 12:24 | Construir | Farm |
| 12:40 | Crear | Scout Cavalry |
| 12:40 | Crear | Villager (Male) |
| 12:51 | Crear | Villager (Male) |
| 12:58 | Construir | Blacksmith |
| 13:29 | Construir | Farm |
| 13:31 | Construir | House |
| 13:33 | Crear | Villager (Male) |
| 13:36 | Crear | Spearman |
| 13:54 | Construir | Mining Camp |
| 14:18 | Construir | Palisade Wall |
| 14:25 | Crear | Villager (Male) |
| 14:31 | Investigar | Wheelbarrow |
| 14:41 | Construir | Stone Wall |
| 15:10 | Construir | Stone Wall |
| 15:14 | Construir | Farm |
| 15:16 | Construir | House |
| 15:18 | Construir | House |
| 15:36 | Crear | Villager (Male) |
| 15:54 | Construir | Farm |
| 16:23 | Construir | Farm |
| 16:34 | Construir | Building 490 |
| 16:45 | Crear | Spearman |
| 16:47 | Investigar | Castle Age |
| 16:49 | Crear | Spearman |
| 16:59 | Construir | Farm |
| 17:00 | Construir | Farm |
| 17:18 | Crear | Spearman |
| 17:21 | Investigar | Forging |
| 17:36 | Construir | Farm |
| 17:37 | Construir | House |
| 17:44 | Construir | Stone Wall |
| 18:15 | Construir | Farm |
| 18:15 | Construir | House |
| 18:44 | Construir | Farm |
| 18:51 | Crear | Spearman |
| 18:59 | Investigar | Scale Barding Armor |
| 19:11 | Crear | Spearman |
| 19:27 | Edad | Edad de los Castillos |
| 19:35 | Crear | Knight |
| 19:45 | Investigar | Bow Saw |
| 19:46 | Crear | Villager (Male) |
| 19:58 | Construir | Town Center |
| 20:01 | Crear | Villager (Male) |
| 20:08 | Crear | Villager (Male) |
| 20:08 | Crear | Knight |
| 20:17 | Construir | Farm |
| 20:21 | Crear | Villager (Male) |
| 20:26 | Crear | Villager (Male) |
| 20:27 | Crear | Knight |
| 20:42 | Crear | Knight |
| 20:45 | Crear | Villager (Male) |
| 21:09 | Crear | Knight |
| 21:11 | Crear | Villager (Male) |
| 21:16 | Construir | Monastery |
| 21:23 | Crear | Knight |
| 21:25 | Crear | Villager (Male) |
| 21:43 | Crear | Villager (Male) |
| 21:53 | Crear | Villager (Male) |
| 22:15 | Crear | Villager (Male) |
| 22:21 | Construir | Town Center |
| 22:29 | Crear | Villager (Male) |
| 22:35 | Crear | Knight |
| 22:37 | Investigar | Gold Mining |
| 22:38 | Crear | Villager (Male) |
| 22:44 | Construir | Farm |
| 22:49 | Crear | Villager (Male) |
| 22:49 | Crear | Villager (Male) |
| 23:02 | Crear | Villager (Male) |
| 23:04 | Construir | Farm |
| 23:05 | Construir | Farm |
| 23:10 | Crear | Knight |
| 23:31 | Construir | Farm |
| 23:34 | Crear | Monk |
| 23:36 | Crear | Villager (Male) |
| 23:36 | Crear | Villager (Male) |
| 23:41 | Construir | Market |
| 23:49 | Crear | Knight |
| 23:49 | Crear | Knight |
| 24:00 | Crear | Villager (Male) |
Cronología de la partida
| 3:06 | TrCL.ovoin · wall_segment Palisade Wall x5 |
| 4:13 | Moneimon · wall_segment Palisade Wall x8 |
| 4:16 | Moneimon · wall_segment Palisade Wall x1 |
| 4:25 | Moneimon · wall_segment Palisade Wall x17 |
| 4:53 | [R1] Pume · wall_segment Palisade Wall x6 |
| 5:43 | PUB | [🥕]King_Boo · wall_segment Palisade Wall x1 |
| 5:48 | PUB | [🥕]King_Boo · wall_segment Palisade Wall x8 |
| 6:07 | Moneimon · wall_segment Palisade Wall x7 |
| 6:45 | [R1] 12Tirador · first_building Barracks |
| 6:51 | TrCL.ovoin · wall_segment Palisade Wall x11 |
| 6:52 | Moneimon · wall_segment Palisade Wall x9 |
| 6:55 | [R1] Pume · wall_segment Palisade Wall x1 |
| 6:57 | [R1] Pume · wall_segment Palisade Wall x1 |
| 7:15 | Oni.TaToH · wall_segment Palisade Wall x13 |
| 7:16 | PUB | [🥕]King_Boo · wall_segment Palisade Wall x3 |
| 7:17 | PUB | [🥕]King_Boo · wall_segment Palisade Wall x4 |
| 7:20 | Oni.TaToH · wall_segment Palisade Wall x8 |
| 7:36 | Oni.TaToH · wall_segment Palisade Wall x4 |
| 7:44 | Oni.TaToH · wall_segment Palisade Wall x16 |
| 7:51 | Oni.TaToH · wall_segment Palisade Wall x1 |
| 7:51 | Oni.TaToH · wall_segment Palisade Wall x1 |
| 8:00 | Moneimon · first_building Barracks |
| 8:04 | Hui · first_building Barracks |
| 8:22 | Peter_Pahn · wall_segment Palisade Wall x7 |
| 8:22 | Oni.TaToH · wall_segment Palisade Wall x7 |
| 8:24 | Peter_Pahn · wall_segment Palisade Wall x1 |
| 8:28 | TrCL.ovoin · wall_segment Palisade Wall x6 |
| 8:44 | TrCL.ovoin · first_building Barracks |
| 8:54 | Hui · age_up feudal |
| 9:00 | Hui · first_building Stable |
| 9:05 | [R1] 12Tirador · age_up feudal |
| 9:11 | [R1] 12Tirador · first_building Stable |
| 9:18 | TrCL.ovoin · age_up feudal |
| 9:31 | Hui · wall_segment Palisade Wall x21 |
| 9:33 | PUB | [🥕]King_Boo · first_building Barracks |
| 9:37 | Moneimon · age_up feudal |
| 9:42 | TrCL.ovoin · wall_segment Palisade Wall x1 |
| 9:43 | Moneimon · first_building Stable |
| 10:05 | Hui · wall_segment Stone Wall x22 |
| 10:21 | [R1] Pume · age_up feudal |
| 10:47 | Hui · wall_segment Palisade Wall x1 |
| 11:15 | Hui · wall_segment Palisade Wall x10 |
| 11:19 | Hui · wall_segment Palisade Wall x5 |
| 11:24 | Moneimon · wall_segment Stone Wall x1 |
| 11:26 | Moneimon · wall_segment Stone Wall x9 |
| 11:37 | TrCL.ovoin · first_building Stable |
| 11:43 | TrCL.ovoin · wall_segment Palisade Wall x4 |
| 11:47 | Peter_Pahn · age_up feudal |
| 11:47 | PUB | [🥕]King_Boo · age_up feudal |
| 12:11 | Oni.TaToH · age_up feudal |
| 12:35 | Hui · wall_segment Palisade Wall x1 |
| 13:36 | TrCL.ovoin · wall_segment Palisade Wall x2 |
| 13:38 | TrCL.ovoin · wall_segment Palisade Wall x1 |
| 13:58 | [R1] Pume · age_up castle |
| 14:18 | Moneimon · wall_segment Palisade Wall x1 |
| 14:28 | Peter_Pahn · age_up castle |
| 14:41 | Moneimon · wall_segment Stone Wall x10 |
| 14:59 | Peter_Pahn · first_building Monastery |
| 15:10 | Moneimon · wall_segment Stone Wall x1 |
| 15:39 | [R1] Pume · first_market_buy 100 food |
| 15:43 | Oni.TaToH · age_up castle |
| 15:48 | PUB | [🥕]King_Boo · wall_segment Palisade Wall x1 |
| 16:14 | Oni.TaToH · first_market_buy 100 stone |
| 16:24 | [R1] Pume · wall_segment Palisade Wall x1 |
| 17:31 | TrCL.ovoin · age_up castle |
| 17:34 | [R1] Pume · first_building Monastery |
| 17:42 | TrCL.ovoin · wall_segment Palisade Wall x4 |
| 17:44 | Moneimon · wall_segment Stone Wall x4 |
| 17:56 | Hui · wall_segment Stone Wall x1 |
| 18:43 | Oni.TaToH · first_building Monastery |
| 19:03 | Hui · age_up castle |
| 19:16 | [R1] 12Tirador · age_up castle |
| 19:27 | Moneimon · age_up castle |
| 20:32 | Hui · wall_segment Stone Wall x1 |
| 20:37 | Hui · wall_segment Stone Wall x1 |
| 20:40 | Hui · wall_segment Stone Wall x1 |
| 21:16 | Moneimon · first_building Monastery |
| 21:18 | PUB | [🥕]King_Boo · wall_segment Palisade Wall x1 |
| 21:35 | PUB | [🥕]King_Boo · wall_segment Palisade Wall x1 |
| 22:00 | Peter_Pahn · first_building Castle |
| 22:32 | [R1] Pume · wall_segment Palisade Wall x1 |
| 22:38 | [R1] Pume · wall_segment Palisade Wall x1 |
| 22:42 | [R1] Pume · wall_segment Palisade Wall x1 |
| 23:01 | [R1] Pume · wall_segment Palisade Wall x1 |
| 23:17 | Peter_Pahn · first_building Stable |
| 23:41 | Oni.TaToH · first_building Barracks |
| 23:53 | PUB | [🥕]King_Boo · age_up castle |
| 24:11 | [R1] Pume · first_market_sell 100 wood |
| 24:19 | PUB | [🥕]King_Boo · first_building Castle |
| 24:26 | Oni.TaToH · first_building Castle |
| 24:44 | Oni.TaToH · first_building Stable |
| 25:08 | Oni.TaToH · wall_segment Stone Wall x19 |
| 25:21 | [R1] Pume · wall_segment Palisade Wall x1 |
| 26:11 | PUB | [🥕]King_Boo · first_market_buy 100 wood |
| 26:27 | TrCL.ovoin · wall_segment Stone Wall x10 |
| 26:38 | PUB | [🥕]King_Boo · first_market_sell 100 food |
| 26:46 | TrCL.ovoin · first_building Castle |
| 26:46 | Oni.TaToH · wall_segment Palisade Wall x1 |
| 27:01 | Oni.TaToH · wall_segment Palisade Wall x1 |
| 27:07 | Oni.TaToH · wall_segment Palisade Wall x1 |
| 28:10 | Peter_Pahn · age_up imperial |
| 28:19 | Oni.TaToH · wall_segment Stone Wall x11 |
| 29:01 | Oni.TaToH · age_up imperial |
| 29:08 | TrCL.ovoin · wall_segment Stone Wall x13 |
| 29:14 | TrCL.ovoin · first_market_buy 100 food |
| 29:19 | Hui · first_building Siege Workshop |
| 29:40 | TrCL.ovoin · first_building Archery Range |
| 29:46 | [R1] Pume · first_building Castle |
| 29:49 | TrCL.ovoin · wall_segment Stone Wall x15 |
| 29:51 | [R1] Pume · first_building Siege Workshop |
| 29:53 | Oni.TaToH · first_building Siege Workshop |
| 30:26 | [R1] 12Tirador · first_building Monastery |
| 30:27 | Hui · first_building Castle |
| 30:28 | Oni.TaToH · first_market_sell 100 food |
| 30:30 | [R1] Pume · first_building Barracks |
| 30:43 | TrCL.ovoin · wall_segment Stone Wall x1 |
| 30:46 | TrCL.ovoin · wall_segment Stone Wall x1 |
| 31:39 | Hui · wall_segment Stone Wall x1 |
| 31:39 | Peter_Pahn · first_building Siege Workshop |
| 32:01 | TrCL.ovoin · wall_segment Stone Wall x14 |
| 32:32 | TrCL.ovoin · age_up imperial |
| 32:33 | [R1] 12Tirador · wall_segment Stone Wall x12 |
| 32:44 | [R1] Pume · age_up imperial |
| 33:09 | Hui · age_up imperial |
| 33:36 | [R1] Pume · first_building Stable |
| 33:53 | Moneimon · first_building Castle |
| 33:57 | [R1] 12Tirador · wall_segment Stone Wall x1 |
| 34:19 | TrCL.ovoin · wall_segment Stone Wall x13 |
| 34:31 | [R1] 12Tirador · age_up imperial |
| 34:36 | Oni.TaToH · tribute_sent a jugador 1 |
| 34:36 | Oni.TaToH · tribute_sent a jugador 2 |
| 34:36 | Oni.TaToH · tribute_sent a jugador 3 |
| 34:36 | Oni.TaToH · tribute_sent a jugador 4 |
| 34:36 | Oni.TaToH · tribute_sent a jugador 5 |
| 34:36 | Oni.TaToH · tribute_sent a jugador 7 |
| 34:36 | Oni.TaToH · tribute_sent a jugador 8 |
| 34:47 | [R1] 12Tirador · tribute_sent a jugador 1 |
| 34:47 | [R1] 12Tirador · tribute_sent a jugador 3 |
| 34:47 | [R1] 12Tirador · tribute_sent a jugador 4 |
| 34:47 | [R1] 12Tirador · tribute_sent a jugador 5 |
| 34:47 | [R1] 12Tirador · tribute_sent a jugador 6 |
| 34:47 | [R1] 12Tirador · tribute_sent a jugador 7 |
| 34:47 | [R1] 12Tirador · tribute_sent a jugador 8 |
| 35:03 | [R1] 12Tirador · first_building Archery Range |
| 35:42 | [R1] 12Tirador · first_building Siege Workshop |
| 36:03 | [R1] 12Tirador · first_building Castle |
| 36:23 | TrCL.ovoin · wall_segment Stone Wall x14 |
| 36:28 | Peter_Pahn · first_market_sell 100 wood |
| 37:06 | [R1] 12Tirador · first_market_sell 500 food |
| 37:13 | Oni.TaToH · tribute_sent a jugador 1 |
| 37:13 | Oni.TaToH · tribute_sent a jugador 2 |
| 37:13 | Oni.TaToH · tribute_sent a jugador 3 |
| 37:13 | Oni.TaToH · tribute_sent a jugador 4 |
| 37:13 | Oni.TaToH · tribute_sent a jugador 5 |
| 37:13 | Oni.TaToH · tribute_sent a jugador 7 |
| 37:13 | Oni.TaToH · tribute_sent a jugador 8 |
| 37:16 | Moneimon · age_up imperial |
| 37:44 | TrCL.ovoin · wall_segment Stone Wall x1 |
| 37:48 | TrCL.ovoin · wall_segment Stone Wall x1 |
| 38:09 | [R1] Pume · wall_segment Stone Wall x3 |
| 38:21 | Moneimon · first_market_sell 500 food |
| 38:53 | Peter_Pahn · tribute_sent a jugador 1 |
| 38:53 | Peter_Pahn · tribute_sent a jugador 2 |
| 38:53 | Peter_Pahn · tribute_sent a jugador 3 |
| 38:54 | Peter_Pahn · tribute_sent a jugador 4 |
| 38:54 | Peter_Pahn · tribute_sent a jugador 6 |
| 38:54 | Peter_Pahn · tribute_sent a jugador 7 |
| 38:54 | Peter_Pahn · tribute_sent a jugador 8 |
| 39:00 | TrCL.ovoin · wall_segment Stone Wall x20 |
| 39:10 | PUB | [🥕]King_Boo · age_up imperial |
| 39:23 | TrCL.ovoin · first_building Siege Workshop |
| 40:13 | Moneimon · first_building Siege Workshop |
| 41:30 | [R1] Pume · first_building Archery Range |
| 41:51 | TrCL.ovoin · wall_segment Stone Wall x18 |
| 41:57 | Peter_Pahn · first_building Barracks |
| 42:11 | Oni.TaToH · tribute_sent a jugador 1 |
| 42:11 | Oni.TaToH · tribute_sent a jugador 2 |
| 42:11 | Oni.TaToH · tribute_sent a jugador 3 |
| 42:11 | Oni.TaToH · tribute_sent a jugador 4 |
| 42:11 | Oni.TaToH · tribute_sent a jugador 5 |
| 42:11 | Oni.TaToH · tribute_sent a jugador 7 |
| 42:11 | Oni.TaToH · tribute_sent a jugador 8 |
| 42:19 | Moneimon · tribute_sent a jugador 1 |
| 42:19 | Moneimon · tribute_sent a jugador 2 |
| 42:19 | Moneimon · tribute_sent a jugador 3 |
| 42:19 | Moneimon · tribute_sent a jugador 4 |
| 42:19 | Moneimon · tribute_sent a jugador 5 |
| 42:19 | Moneimon · tribute_sent a jugador 6 |
| 42:19 | Moneimon · tribute_sent a jugador 7 |
| 42:20 | Oni.TaToH · wall_segment Stone Wall x17 |
| 42:44 | Oni.TaToH · wall_segment Stone Wall x8 |
| 43:11 | Hui · wall_segment Stone Wall x29 |
| 43:13 | Oni.TaToH · wall_segment Stone Wall x3 |
| 44:26 | Moneimon · tribute_sent a jugador 1 |
| 44:26 | Moneimon · tribute_sent a jugador 2 |
| 44:26 | Moneimon · tribute_sent a jugador 3 |
| 44:26 | Moneimon · tribute_sent a jugador 4 |
| 44:26 | Moneimon · tribute_sent a jugador 5 |
| 44:26 | Moneimon · tribute_sent a jugador 6 |
| 44:26 | Moneimon · tribute_sent a jugador 7 |
| 44:33 | Moneimon · tribute_sent a jugador 1 |
| 44:33 | Moneimon · tribute_sent a jugador 2 |
| 44:33 | Moneimon · tribute_sent a jugador 3 |
| 44:33 | Moneimon · tribute_sent a jugador 4 |
| 44:33 | Moneimon · tribute_sent a jugador 5 |
| 44:33 | Moneimon · tribute_sent a jugador 6 |
| 44:33 | Moneimon · tribute_sent a jugador 7 |
| 45:25 | Hui · first_market_buy 100 stone |
| 45:43 | [R1] 12Tirador · first_market_buy 100 wood |
| 47:17 | TrCL.ovoin · wall_segment Stone Wall x6 |
| 47:39 | Moneimon · first_market_buy 100 stone |
| 48:16 | Hui · wall_segment Stone Wall x26 |
| 49:26 | Oni.TaToH · tribute_sent a jugador 1 |
| 49:26 | Oni.TaToH · tribute_sent a jugador 2 |
| 49:26 | Oni.TaToH · tribute_sent a jugador 3 |
| 49:26 | Oni.TaToH · tribute_sent a jugador 4 |
| 49:26 | Oni.TaToH · tribute_sent a jugador 5 |
| 49:26 | Oni.TaToH · tribute_sent a jugador 7 |
| 49:26 | Oni.TaToH · tribute_sent a jugador 8 |
| 50:00 | TrCL.ovoin · wall_segment Stone Wall x12 |
| 51:22 | [R1] 12Tirador · tribute_sent a jugador 1 |
| 51:22 | [R1] 12Tirador · tribute_sent a jugador 3 |
| 51:22 | [R1] 12Tirador · tribute_sent a jugador 4 |
| 51:22 | [R1] 12Tirador · tribute_sent a jugador 5 |
| 51:22 | [R1] 12Tirador · tribute_sent a jugador 6 |
| 51:22 | [R1] 12Tirador · tribute_sent a jugador 7 |
| 51:22 | [R1] 12Tirador · tribute_sent a jugador 8 |
| 53:14 | PUB | [🥕]King_Boo · resign |
[ ANÁLISIS IA · 1 CRÉDITO ]
¿Qué pasó realmente en esta partida?
Wolo.gg analiza cada decisión: build order, eco, micro, errores típicos por bracket. Análisis personalizado por WhatsApp o Discord en 30 segundos.
Guía civ
Italianos
Perfil
Jugador #7954918